 Dungeon Crawl Stone Soup version 0.22-a0-422-g9628fc8 (webtiles) character file.

717 Mgcat the Magician (level 7, -1/36 HPs)
             Began as a Deep Elf Earth Elementalist on May 20, 2018.
             Slain by Gorglomux's ghost (13 damage)
             ... on level 5 of the Dungeon.
             The game lasted 00:12:17 (6151 turns).

Mgcat the Magician (Deep Elf Earth Elementalist)    Turns: 6151, Time: 00:12:18

Health: -1/36      AC:  6    Str:  8    XL:     7   Next: 42%
Magic:  2/20       EV: 15    Int: 22    God:
Gold:   269        SH:  0    Dex: 15    Spells: 12/21 levels left

rFire    . . .     SeeInvis .   p - +3 mace (crush)
rCold    . . .     Gourm    .   (no shield)
rNeg     . . .     Faith    .   c - +0 robe
rPois    .         Spirit   .   n - +2 helmet
rElec    .         Reflect  .   q - +0 cloak
rCorr    .         Harm     .   (no gloves)
MR       .....                  (no boots)
Stlth    ++........             (no amulet)
HPRegen  0.12/turn              e - +3 ring of strength
MPRegen  0.17/turn              y - +2 ring of evasion

@: very slightly contaminated, hasted, very quick
A: no striking features
a: no special abilities


You were on level 5 of the Dungeon.
You were hungry.

You visited 1 branch of the dungeon, and saw 5 of its levels.

You collected 269 gold pieces.

Inventory:

Hand Weapons
 p - a +3 mace of crushing (weapon)
   (You found it on level 2 of the Dungeon)
Missiles
 b - 10 stones (quivered)
Armour
 c - a +0 robe (worn)
 n - a +2 helmet (worn)
   (You found it on level 1 of the Dungeon)
 q - a +0 cloak (worn)
   (You took it off Crazy Yiuf on level 2 of the Dungeon)
Jewellery
 e - a +3 ring of strength (left hand)
   (You found it on level 1 of the Dungeon)
 y - a +2 ring of evasion (right hand)
   (You found it on level 5 of the Dungeon)
Wands
 v - a wand of polymorph (16)
   (You found it on level 3 of the Dungeon)
Scrolls
 g - 2 scrolls of fear
 i - 2 scrolls of magic mapping {!r}
 l - 2 scrolls of fog
 o - 2 scrolls of teleportation
 x - 2 scrolls of identify
Potions
 h - a potion of haste
 j - 2 potions of lignification {!q}
 k - a potion of brilliance {unknown}
 s - a potion of berserk rage {unknown}
 t - a potion of degeneration {unknown}
Comestibles
 d - 9 rations


   Skills:
 - Level 2.4 Dodging
 - Level 2.4 Stealth
 + Level 7.7 Spellcasting
 + Level 2.9 Conjurations
   Level 1.1 Transmutations
 + Level 6.8 Earth Magic


You had 12 spell levels left.
You knew the following spells:

 Your Spells              Type           Power        Failure   Level  Hunger
a - Sandblast             Erth           #####.       1%          1    None
b - Stone Arrow           Conj/Erth      ####..       3%          3    None
c - Lee's Rapid Deconstr  Erth           #####.....   13%         5    #####..

Your spell library contained the following spells:

 Spells                   Type           Power        Failure   Level  Hunger
 Passwall                 Tmut/Erth      ####......   2%          2    None
 Petrify                  Tmut/Erth      ####....     16%         4    ###....


Dungeon Overview and Level Annotations

Branches:
Dungeon (5/15)
 Temple: D:4-7

Altars:
Fedhas
Trog

Annotations:
D:3 2 transporters
D:5 Gorglomux's ghost, novice MiAK


Message History

Gorglomux's ghost is moderately damaged.
Gorglomux's ghost hits you.
Casting: Stone Arrow (safe; 3% risk of failure)
Confirm with . or Enter, or press ? or * to list all spells.
Aiming: Stone Arrow (safe; 3% risk of failure)
Press: ? - help, Shift-Dir - straight line, f/p - Gorglomux's ghost
Aim: Gorglomux's ghost (moderately damaged)
The stone arrow misses Gorglomux's ghost.
Gorglomux's ghost hits you.
You closely miss Gorglomux's ghost.
Gorglomux's ghost is moderately damaged.
Gorglomux's ghost hits you but does no damage.
You barely miss Gorglomux's ghost.
Gorglomux's ghost is moderately damaged.
Gorglomux's ghost misses you.
You sock Gorglomux's ghost!
Gorglomux's ghost is moderately damaged.
Gorglomux's ghost hits you. Gorglomux's ghost hits you!
* * * LOW HITPOINT WARNING * * *
Some of the chunks of flesh in your inventory have rotted away.
Some of the chunks of flesh in your inventory have rotted away.
Gorglomux's ghost wails.
Your magical contamination has completely faded away.
Gorglomux's ghost hits you but does no damage.
Gorglomux's ghost wails, "You will join me soon!"
You see here a robe.
Some of the chunks of flesh in your inventory have rotted away.
There is a stone staircase leading up here.
There is a stone staircase leading up here.
There is a stone staircase leading up, spattered with blood here.
You climb upwards.
There is a stone staircase leading down here.
All of the chunks of flesh in your inventory have rotted away.
Magic restored.
HP restored.
Done exploring.
You start resting.
HP restored.
There is a stone staircase leading down, spattered with blood here.
You climb downwards.
Level annotation: Gorglomux's ghost, novice MiAK
There is a stone staircase leading up here.
It was a potion of heal wounds.
You feel much better.
It was a potion of cancellation.
You feel magically purged.
It was a potion of haste.
You feel yourself speed up. Gorglomux's ghost hits you.
Casting: Stone Arrow (safe; 3% risk of failure)
Confirm with . or Enter, or press ? or * to list all spells.
Aiming: Stone Arrow (safe; 3% risk of failure)
Press: ? - help, Shift-Dir - straight line, f - Gorglomux's ghost
Aim: Gorglomux's ghost The stone arrow hits Gorglomux's ghost.
Gorglomux's ghost is lightly damaged.
Gorglomux's ghost hits you!
Casting: Stone Arrow (safe; 3% risk of failure)
Confirm with . or Enter, or press ? or * to list all spells.
Aiming: Stone Arrow (safe; 3% risk of failure)
Press: ? - help, Shift-Dir - straight line, f/p - Gorglomux's ghost
Aim: Gorglomux's ghost (lightly damaged)
You miscast Stone Arrow.
You are very lightly contaminated with residual magic.
Your skin glows momentarily.
Casting: Stone Arrow (safe; 3% risk of failure)
Confirm with . or Enter, or press ? or * to list all spells.
Aiming: Stone Arrow (safe; 3% risk of failure)
Press: ? - help, Shift-Dir - straight line, f/p - Gorglomux's ghost
Aim: Gorglomux's ghost (lightly damaged)
The stone arrow misses Gorglomux's ghost.
Gorglomux's ghost barely misses you.
Casting: Stone Arrow (safe; 3% risk of failure)
Confirm with . or Enter, or press ? or * to list all spells.
Aiming: Stone Arrow (safe; 3% risk of failure)
Press: ? - help, Shift-Dir - straight line, f/p - Gorglomux's ghost
Aim: Gorglomux's ghost (lightly damaged)
The stone arrow hits Gorglomux's ghost.
Gorglomux's ghost is moderately damaged.
Gorglomux's ghost hits you!
Casting: Stone Arrow (safe; 3% risk of failure)
Confirm with . or Enter, or press ? or * to list all spells.
Aiming: Stone Arrow (safe; 3% risk of failure)
Press: ? - help, Shift-Dir - straight line, f/p - Gorglomux's ghost
Aim: Gorglomux's ghost (lightly damaged)
The stone arrow hits Gorglomux's ghost.
Gorglomux's ghost is moderately damaged.
Casting: Stone Arrow (safe; 3% risk of failure)
Confirm with . or Enter, or press ? or * to list all spells.
Aiming: Stone Arrow (safe; 3% risk of failure)
Press: ? - help, Shift-Dir - straight line, f/p - Gorglomux's ghost
Aim: Gorglomux's ghost (moderately damaged)
The stone arrow misses Gorglomux's ghost.
Gorglomux's ghost barely misses you.
Casting: Stone Arrow (safe; 3% risk of failure)
Confirm with . or Enter, or press ? or * to list all spells.
You don't have enough magic to cast that spell.
Casting: Stone Arrow (safe; 3% risk of failure)
Confirm with . or Enter, or press ? or * to list all spells.
You don't have enough magic to cast that spell.
You are feeling hungry.
Gorglomux's ghost hits you!
You die...

...#.....#.# #.# #..# #
#.#.....#.####.#### ##.###
#.......[.#.......####..#
#.........#.............#
#.........#.......#####.#
#.................#####.#
#........##.............##
#.#.>...#.....[...#####.#8
#.#.....<.W@.........####.#
#....<...........#..))....#
############..............#
##...#########.# ##### #


You could see Gorglomux's ghost.

Vanquished Creatures
  A scorpion (D:4)
  3 hounds
  2 orc priests
  Crazy Yiuf (D:2)
  Jessica (D:2)
  2 iguanas
  2 worker ants (D:4)
  4 orc wizards
  A hound skeleton (D:5)
  Robin (D:2)
  8 gnolls
  3 adders
  An adder skeleton (D:4)
  4 worms
  3 dart slugs
  4 leopard geckos
  19 orcs
  7 bats
  4 giant cockroaches
  11 goblins
  11 hobgoblins
  8 kobolds
  3 quokkas
  2 ball pythons (D:2)
  2 frilled lizards
  3 rats
111 creatures vanquished.

Notes
Turn   | Place    | Note
-------+----------+-------------------------------------------
     0 | D:1      | Mgcat the Deep Elf Earth Elementalist began the quest for the Orb.
     0 | D:1      | Reached XP level 1. HP: 10/10 MP: 6/6
   223 | D:1      | Reached XP level 2. HP: 11/15 MP: 4/8
   474 | D:1      | HP: 3/15 [hobgoblin/club (2)]
   795 | D:1      | Reached skill level 4 in Earth Magic
   925 | D:1      | Reached skill level 4 in Spellcasting
  1063 | D:1      | Reached XP level 3. HP: 14/19 MP: 10/10
  1094 | D:1      | Learned a level 3 spell: Stone Arrow
  1206 | D:2      | Noticed Jessica
  1208 | D:2      | Killed Jessica
  1496 | D:2      | Noticed Robin
  1504 | D:2      | Reached XP level 4. HP: 6/24 MP: 5/12
  1853 | D:2      | Killed Robin
  2070 | D:2      | Reached skill level 5 in Spellcasting
  2213 | D:2      | Found a runed door.
  2240 | D:2      | Noticed Crazy Yiuf
  2244 | D:2      | Killed Crazy Yiuf
  2244 | D:2      | Reached skill level 5 in Earth Magic
  2360 | D:3      | Reached XP level 5. HP: 28/28 MP: 9/14
  2658 | D:2      | Learned a level 5 spell: Lee's Rapid Deconstruction
  2794 | D:3      | Reached skill level 6 in Spellcasting
  2889 | D:3      | Found a transporter.
  3155 | D:3      | Reached XP level 6. HP: 32/32 MP: 3/17
  3403 | D:2      | Reached skill level 6 in Earth Magic
  3828 | D:3      | Found a transporter.
  4117 | D:4      | Reached skill level 1 in Conjurations
  4122 | D:4      | Reached skill level 7 in Spellcasting
  4291 | D:4      | Reached XP level 7. HP: 31/36 MP: 3/19
  4346 | D:4      | Reached skill level 2 in Conjurations
  5031 | D:5      | Entered Level 5 of the Dungeon
  5032 | D:5      | Noticed Gorglomux's ghost (novice MiAK)
  5212 | D:5      | HP: 9/36 [Gorglomux's ghost (5)]
  5811 | D:5      | Found a blossoming altar of Fedhas.
  5838 | D:5      | Found a bloodstained altar of Trog.
  5872 | D:5      | HP: 6/36 [Gorglomux's ghost (7)]
  6151 | D:5      | Slain by Gorglomux's ghost

Vault maps used:
D:1:      minmay_arrival_radiant_lines, minmay_pentomino_v4
D:2:      uniq_robin, uniq_jessica, uniq_crazy_yiuf_cottage
D:3:      gammafunk_steamed_eel
D:4:      first_ration, serial_bayou_ford_a
D:5:      bloody_trog, nicolae_overflow_hidden_temple

Skill      XL: |  1  2  3  4  5  6  7 |
---------------+----------------------+-----
Earth Magic    | 4 5 6 |  6.8
Spellcasting   | 4 5 6 7 |  7.7
Conjurations   | 1 2 |  2.9
Dodging        | |  2.4
Stealth        | |  2.4
Transmutations | |  1.1

Action                   |  1- 3 |  4- 6 |  7- 9 || total
-------------------------+-------+-------+-------++-------
Melee: Unarmed           |     3 |       |       ||     3
       Short sword       |    50 |    13 |       ||    63
       Mace              |       |       |    13 ||    13
 Cast: Sandblast         |    33 |    20 |     6 ||    59
       Stone Arrow       |     9 |    82 |    57 ||   148
  Use: Scroll            |     4 |     4 |     3 ||    11
       Potion            |       |       |     3 ||     3
  Eat: Chunk             |     2 |    10 |     6 ||    18
Armor: Robe              |    24 |    20 |     9 ||    53
Dodge: Dodged            |    51 |    58 |    24 ||   133

Table legend:
 A = Spawn XP
 B = Non-spawn XP
 C = Spawn XP percentage of total XP
 D = Spawn monster count
 E = Non-spawn monster count
 F = Spawn count percentage of total count
 G = Total turns spent on level
                    A         B        C        D         E        F      G
               +---------+---------+-------+---------+---------+-------+---------
         Total |       0 |    1025 |   0.0 |       0 |     111 |   0.0 |  6151
               +---------+---------+-------+---------+---------+-------+---------
           D:1 |       0 |      43 |   0.0 |       0 |      22 |   0.0 |  1438
           D:2 |       0 |     323 |   0.0 |       0 |      36 |   0.0 |  1643
           D:3 |       0 |     193 |   0.0 |       0 |      30 |   0.0 |  1217
           D:4 |       0 |     351 |   0.0 |       0 |      15 |   0.0 |  1492
           D:5 |       0 |     115 |   0.0 |       0 |       8 |   0.0 |   361
               +---------+---------+-------+---------+---------+-------+---------

Vault maps used:
D:1:      minmay_arrival_radiant_lines, minmay_pentomino_v4
D:2:      uniq_robin, uniq_jessica, uniq_crazy_yiuf_cottage
D:3:      gammafunk_steamed_eel
D:4:      first_ration, serial_bayou_ford_a
D:5:      bloody_trog, nicolae_overflow_hidden_temple

Table legend:
 A = Turns spent in this place as a percentage of turns spent in the entire game.
 B = Non-inter-level travel turns spent in this place as a percentage of non-inter-level travel turns spent in the entire game.
 C = Inter-level travel turns spent in this place as a percentage of turns spent in this place.
 D = Turns resting spent in this place as a percentage of non-inter-level travel turns spent in this place.
 E = Turns spent auto-exploring this place as a percentage of non-inter-level travel turns spent in this place.
 F = Non-inter-level travel turns spent in this place divided by the number of levels of this place that you've seen.
                   A       B       C       D       E      F
               +-------+-------+-------+-------+-------+----------------------
         Total | 100.0 | 100.0 |   7.1 |   6.2 |  79.2 | 1143.0
       Dungeon | 100.0 | 100.0 |   7.1 |   6.2 |  79.2 | 1143.0
               +-------+-------+-------+-------+-------+----------------------

Table legend:
 A = Kills in this place as a percentage of kills in entire the game.
 B = Kills by you in this place as a percentage of kills by you in the entire game.
 C = Kills by friends in this place as a percentage of kills by friends in the entire game.
 D = Other kills in this place as a percentage of other kills in the entire game.
 E = Experience gained in this place as a percentage of experience gained in the entire game.
 F = Experience gained in this place divided by the number of levels of this place that you have seen.
                   A       B       C       D       E      F
               +-------+-------+-------+-------+-------+----------------------
         Total | 100.0 | 100.0 |   N/A |   N/A | 100.0 | 205.0
       Dungeon | 100.0 | 100.0 |   N/A |   N/A | 100.0 | 205.0
               +-------+-------+-------+-------+-------+----------------------
